 Dungeon Crawl Stone Soup version 0.29-a0-1047-g7c58e119a4 (webtiles) character file.

Game seed: 1517475425661398421

44 Sweeb the Slasher (level 3, 0/22 HPs)
             Began as a Tengu Gladiator on Aug 16, 2022.
             Succumbed to an adder's poison
             ... on level 2 of the Dungeon.
             The game lasted 00:01:51 (1628 turns).

Sweeb the Slasher (Tengu Gladiator)                 Turns: 1628, Time: 00:01:51

Health: 0/22       AC:  7    Str: 12    XL:     3   Next: 60%
Magic:  4/4        EV: 13    Int:  8    God:
Gold:   46         SH:  0    Dex: 17    Spells: 2/2 levels left

rFire   . . .      SeeInvis .   a - +0 long sword
rCold   . . .      Faith    .   (no shield)
rNeg    . . .      Spirit   .   b - +0 leather armour
rPois   .          Reflect  .   c - +0 hat
rElec   .          Harm     .   (no cloak)
rCorr   .          Rampage  .   (no gloves)
Will    .....      Rage     3%  (boots unavailable)
Stlth   +.........              (no amulet)
HPRegen 0.07/turn               (no ring)
MPRegen 0.09/turn               (no ring)

@: lethally poisoned (0 -> -4), hasted, very quick
A: beak, talons 3, iridescent scales 2, berserk 1, weak 1
a: no special abilities


You were on level 2 of the Dungeon.
You visited 1 branch of the dungeon, and saw 2 of its levels.

You collected 46 gold pieces.

Inventory:

Hand Weapons
 a - a +0 long sword (weapon)
Missiles
 d - 3 throwing nets (quivered)
 e - a javelin
Armour
 b - a +0 leather armour (worn)
 c - a +0 hat (worn)
Potions
 j - a potion of resistance
 m - a potion of flight {unknown}


   Skills:
 + Level 2.6 Fighting
 * Level 4.4 Long Blades
 - Level 2.0 Throwing
 - Level 3.2 Dodging
 + Level 0.2 Stealth


You had 2 spell levels left.
You didn't know any spells.
Your spell library contained the following spells:

 Spells                   Type           Power      Damage    Failure   Level
 Ozocubu's Armour         Ice            0%         N/A       86%         3
 Ozocubu's Refrigeration  Ice            0%         4d7       100%        7


Dungeon Overview and Level Annotations

Branches:
Dungeon (2/15)

Altars:

Shops:
D:2 *=


Innate Abilities, Weirdness & Mutations

You have a beak for a mouth.
You have claws for feet.
You are mostly covered in iridescent scales. (AC +4)
You sometimes lose your temper in combat.
You are weak. (Str -2)


Message History

No target in view!
No target in view!
Found a stone staircase leading down.
Found Jyxuiros's Assorted Antiques.
Found a stone staircase leading up.
An adder comes into view.
Found 7 stones and 7 gold pieces.
The adder hisses angrily.
The adder bites you but does no damage. The adder bites you.
You are poisoned.
The adder poisons you!
You barely miss the adder.
You feel sick. The adder barely misses you.
You barely miss the adder.
You feel sick. The adder bites you. x2
You closely miss the adder. You peck the adder, but do no damage.
You feel sick. The adder closely misses you.
You closely miss the adder. Your kick misses the adder. You peck the adder.
The adder is moderately wounded.
You feel sick. The adder bites you.
You are more poisoned.
The adder poisons you! The adder bites you.
You are too injured to fight recklessly!
You are too injured to fight recklessly!
You are too injured to fight recklessly!
You barely miss the adder.
The adder is moderately wounded.
* * * LOW HITPOINT WARNING * * *
You feel sick. The adder barely misses you.
You closely miss the adder. Your peck misses the adder.
The adder is moderately wounded.
* * * LOW HITPOINT WARNING * * *
You feel sick. The adder barely misses you. The adder bites you.
* * * LOW HITPOINT WARNING * * *
It was a potion of mutation.
You feel extremely strange.
You feel weaker.
You feel a little pissed off.
Iridescent scales grow over part of your body.
Iridescent scales spread over more of your body.
* * * LOW HITPOINT WARNING * * *
You feel sick. The adder misses you.
It was a potion of haste.
You feel yourself speed up.
You die...

#....#.....#.†)#...##....
#....#.....#...#...##....
#..................##....
#............#....##....
#............'....##....
#.......#....#...#......
...#'#.......#...#......
♣...#####+#..># .##
#...#$@........##
#♣∩♣#..S......
#.............
#.♣...........
#..<#.....(...
#####......$.. ..........
##........


You could see an adder.

Vanquished Creatures
  A worm (D:2)
  3 ball pythons (D:1)
  4 endoplasms (D:1)
  A giant cockroach (D:1)
  4 goblins
  6 hobgoblins
  3 kobolds (D:1)
  2 quokkas (D:2)
  6 bats (D:1)
  2 frilled lizards (D:1)
  4 rats
36 creatures vanquished.

Notes
Turn   | Place    | Note
-------+----------+-------------------------------------------
     0 | D:1      | Sweeb the Tengu Gladiator began the quest for the Orb.
     0 | D:1      | Reached XP level 1. HP: 12/12 MP: 2/2
   210 | D:1      | Found a faded altar of an unknown god.
   238 | D:1      | Reached XP level 2. HP: 17/17 MP: 3/3
   444 | D:1      | Reached skill level 4 in Long Blades
   704 | D:1      | Reached XP level 3. HP: 22/22 MP: 4/4
  1481 | D:2      | Found Ungevep's Jewellery Shoppe.
  1614 | D:2      | Found Jyxuiros's Assorted Antiques.
  1627 | D:2      | Gained mutation: You are weak. (Str -2) [potion of
                  | mutation]
  1627 | D:2      | Gained mutation: You sometimes lose your temper in combat.
                  | [potion of mutation]
  1627 | D:2      | Gained mutation: You are partially covered in iridescent
                  | scales. (AC +2) [potion of mutation]
  1627 | D:2      | Gained mutation: You are mostly covered in iridescent
                  | scales. (AC +4) [potion of mutation]
  1627 | D:2      | HP: 1/22 [poisoned by an adder]
  1628 | D:2      | Succumbed to an adder's poison

Illustrated notes

Levels and vault maps discovered:
D:1:      ebering_trefoil_twist, layout_rooms,
          hellmonk_ecumenical_altar_pennies_from_heaven, minmay_pentomino_u4
D:2:      layout_basic, serial_shops, nicolae_shop_hallway_plus,
          nicolae_shop_crystal, nicolae_shop_trees, shop, grunt_ministairs_7,
          minmay_ruptured

Skill      XL: |  1  2 |
---------------+-------+-----
Long Blades    | 4 |  4.4
Fighting       | |  2.6
Throwing       | |  2.0
Dodging        | |  3.2
Stealth        | |  0.2

Action                   || total
-------------------------++-------
Melee: Long sword        ||    69
       Peck              ||    12
       Kick              ||    13
       Punch             ||     1
  Use: Scroll            ||     7
       Potion            ||     2
Armor: Leather armour    ||    10
Dodge: Dodged            ||    30

Table legend: (Time is in decaauts)
 A = Elapsed time spent in this place.
 B = Non-inter-level travel time spent in this place.
 C = Inter-level travel time spent in this place.
 D = Time resting spent in this place.
 E = Time spent auto-exploring this place.
 F = Levels seen in this place.
 G = Mean time per level.
                   A        B        C        D        E       F      G
               +--------+--------+--------+--------+--------+-----+--------+
         Total |   1642 |   1642 |      0 |    470 |    935 |   2 |  821.0 |
       Dungeon |   1642 |   1642 |      0 |    470 |    935 |   2 |  821.0 |
               +--------+--------+--------+--------+--------+-----+--------+

Top non-repeatable levels by time:
     D:1: 1192 daAuts
     D:2: 450 daAuts
